 Dungeon Crawl Stone Soup version 0.23.0 (webtiles) character file.

Game seed: 3501566655250823699

144 inmateoo the Firebug (level 4, 0/33 HPs)
             Began as a Demigod Fire Elementalist on Feb 14, 2019.
             Shot with an arrow by a centaur (15 damage)
             ... on level 2 of the Dungeon.
             The game lasted 00:02:46 (2459 turns).

inmateoo the Firebug (Demigod Fire Elementalist)    Turns: 2459, Time: 00:02:47

Health: 0/33       AC:  2    Str: 11    XL:     4   Next: 77%
Magic:  11/11      EV: 12    Int: 21    God:
Gold:   61         SH:  0    Dex: 16    Spells: 5/8 levels left

rFire    . . .     SeeInvis .   a - +0 spear (pierce)
rCold    . . .     Gourm    .   (no shield)
rNeg     . . .     Faith    .   i - +0 robe {MR+}
rPois    .         Spirit   .   (no helmet)
rElec    .         Reflect  .   (no cloak)
rCorr    +         Harm     .   (no gloves)
MR       +....                  (no boots)
Stlth    ++........             b - amulet of rage
HPRegen  0.11/turn              p - ring of resist corrosion
MPRegen  0.12/turn              (no ring)

@: no status effects
A: high mp 1
a: Evoke Berserk Rage


You were on level 2 of the Dungeon.
You were not hungry.

You visited 1 branch of the dungeon, and saw 2 of its levels.

You collected 61 gold pieces.

Inventory:

Hand Weapons
 a - a +0 spear of piercing (weapon)
Armour
 i - a +0 robe of magic resistance (worn)
 j - a +0 buckler
 q - a +3 chain mail of cold resistance
Jewellery
 b - an amulet of rage (around neck)
 n - an uncursed amulet of regeneration {unknown}
 p - a ring of resist corrosion (left hand)
Wands
 o - a wand of digging (6)
Scrolls
 e - 2 scrolls of noise {unknown}
 f - 5 scrolls of identify {unknown}
 k - a scroll of teleportation {unknown}
 m - 4 scrolls of remove curse {unknown}
Potions
 d - a potion of resistance {unknown}
 g - 2 potions of haste {unknown}
 h - a potion of mutation {unknown}
 l - 2 potions of degeneration {unknown}
Comestibles
 c - 5 rations


   Skills:
 - Level 1.7 Dodging
 - Level 1.7 Stealth
 + Level 2.9 Spellcasting
 - Level 0.8 Conjurations
 * Level 4.6 Fire Magic


You had 5 spell levels left.
You knew the following spells:

 Your Spells              Type           Power        Failure   Level  Hunger
a - Flame Tongue          Conj/Fire      ##...        4%          1    None
b - Throw Flame           Conj/Fire      ##....       7%          2    ##.....

Your spell library contained the following spells:

 Spells                   Type           Power        Failure   Level  Hunger
 Conjure Flame            Conj/Fire      ##......     13%         3    ###....
 Inner Flame              Hex/Fire       ##......     16%         3    ###....
 Sticky Flame             Conj/Fire      ##......     41%         4    ####...
 Fireball                 Conj/Fire      ##........   77%         5    ######.


Dungeon Overview and Level Annotations

Branches:
Dungeon (2/15)


Innate Abilities, Weirdness & Mutations

You have an increased reservoir of magic. (+10% MP)


Message History

q - a +3 chain mail of cold resistance You start resting.
Magic restored.
You start resting.
HP restored.
A centaur comes into view.
A centaur is nearby!
A centaur is nearby!
No target in view!
No target in view!
The centaur wields a +0 shortbow.
The centaur shoots an arrow.
The arrow barely misses you.
The centaur shoots an arrow.
The arrow closely misses you.
You see here 2 arrows.
The centaur shoots an arrow.
The arrow hits you!
You see here an arrow.
The centaur shoots an arrow.
The arrow hits you.
You see here an arrow.
The centaur shoots an arrow.
The arrow hits you!
You die...

## .....#... ..
##..#.#...
.####.#...#.#...
................
####.###..#.#### ####
.#......# #
..####.#.##..## ..
#.#....#.###.## #.#
#@##.###.# #..#
###...#(#....#.# ##.##
.......((..#.#.# #..#
.......#####.#)# ##.#
........ ##.#.# #[##
......... #....# ##.§#
..........#########.§§##
.c........).÷.......§§§#
..........#########....#


You could see a centaur.

Vanquished Creatures
  Terence (D:2)
  Jessica (D:2)
  A gnoll (D:1)
  3 adders (D:2)
  2 worms (D:2)
  3 leopard geckos
  A ball python (D:1)
  3 giant cockroaches
  A goblin (D:1)
  7 hobgoblins
  3 jackals (D:1)
  10 kobolds
  2 quokkas (D:2)
  4 bats
  A frilled lizard (D:1)
  5 rats
48 creatures vanquished.

Notes
Turn   | Place    | Note
-------+----------+-------------------------------------------
     0 | D:1      | inmateoo the Demigod Fire Elementalist began the quest for
                  | the Orb.
     0 | D:1      | Reached XP level 1. HP: 14/14 MP: 5/5
   212 | D:1      | Reached skill level 3 in Fire Magic
   536 | D:1      | Reached XP level 2. HP: 20/20 MP: 4/7
  1106 | D:1      | Learned a level 2 spell: Throw Flame
  1225 | D:1      | Reached XP level 3. HP: 21/26 MP: 5/9
  1929 | D:2      | Noticed Jessica
  1952 | D:2      | Killed Jessica
  1952 | D:2      | Reached skill level 4 in Fire Magic
  1952 | D:2      | Reached XP level 4. HP: 32/33 MP: 4/10
  2175 | D:2      | Found a shadowy altar of Dithmenos.
  2319 | D:2      | Noticed Terence
  2336 | D:2      | Killed Terence
  2453 | D:2      | Noticed a centaur
  2459 | D:2      | Shot with an arrow by a centaur

Skill      XL: |  1  2  3 |
---------------+----------+-----
Fire Magic     | 3 4 |  4.6
Spellcasting   | 2 |  2.9
Dodging        | |  1.7
Stealth        | |  1.7
Conjurations   | |  0.8

Action                   |  1- 3 |  4- 6 || total
-------------------------+-------+-------++-------
Melee: Unarmed           |     7 |       ||     7
       Spear             |    17 |    12 ||    29
 Cast: Flame Tongue      |    57 |    22 ||    79
 Stab: Sleeping          |     6 |       ||     6
  Eat: Chunk             |     3 |     2 ||     5
Armor: Robe              |     9 |       ||     9
Dodge: Dodged            |    27 |     9 ||    36
